| TOP OF THE 1ST |
|
Cleveland Indians batting - Pitching for Philadelphia (DL) Athletics : RHP Dan Haren
|
|
Pitching: RHP Dan Haren
|
|
|
Batting: LHB Daric Barton
|
0-0: Swinging Strike 0-1: Ball 1-1: Foul Ball, location: 2F 1-2: Foul Ball, location: 2F 1-2: Strikes out swinging
|
|
Batting: RHB Jeff Frye
|
0-0: Called Strike 0-1: Ball 1-1: Foul Ball, location: 2F 1-2: Foul Ball, location: 2F 1-2: Ball 2-2: Fly out, F9 (Flyball, 9D, EV 85.6 MPH)
|
|
Batting: RHB Bernard Gilkey
|
0-0: Ball 1-0: Ball 2-0: Called Strike 2-1: Ball 3-1: Foul Ball, location: 2F 3-2: DOUBLE (Flyball, 89XD, EV 109.4 MPH)
|
|
Batting: LHB Kyle Seager
|
0-0: Swinging Strike 0-1: Foul Ball, location: 2F 0-2: Ball 1-2: Foul Ball, location: 2F 1-2: Fly out, F8 (Line Drive, 8LD, EV 90.6 MPH)
|
| Top of the 1st over - 0 runs, 1 hit, 0 errors, 1 left on base; Cleveland 0 - Philadelphia (DL) 0 |
| BOTTOM OF THE 1ST |
|
Philadelphia (DL) Athletics batting - Pitching for Cleveland Indians : RHP Jameson Taillon
|
|
Pitching: RHP Jameson Taillon
|
|
|
Batting: RHB Pug Griffin
|
0-0: Swinging Strike 0-1: Ball 1-1: SINGLE (Line Drive, 8LS, EV 106.3 MPH)
|
|
Batting: RHB Bob Robertson
|
0-0: Ball 1-0: Ball 2-0: Ball 3-0: Swinging Strike 3-1: Sac Bunt to 2L - play at first, batter OUT! 2-4 Pug Griffin to second
|
|
Batting: LHB George Grantham
|
0-0: Fly out, F8 (Flyball, 78D, EV 93.1 MPH) Runner from 2nd tags up, SAFE at 3rd with throw by CF
|
|
Batting: RHB Corey Hart
|
0-0: Swinging Strike 0-1: Fly out, F7 (Flyball, 7, EV 81.9 MPH)
|
| Bottom of the 1st over - 0 runs, 1 hit, 0 errors, 1 left on base; Cleveland 0 - Philadelphia (DL) 0 |
| TOP OF THE 2ND |
|
Cleveland Indians batting - Pitching for Philadelphia (DL) Athletics : RHP Dan Haren
|
|
Batting: LHB Adam Dunn
|
0-0: Called Strike 0-1: Ball 1-1: Ball 2-1: Called Strike 2-2: Fly out, F7 (Flyball, 7D, EV 98.8 MPH)
|
|
Batting: LHB Norm Siebern
|
0-0: Foul Ball, location: 2F 0-1: Ball 1-1: Ball 2-1: Foul Ball, location: 2F 2-2: Ball 3-2: TRIPLE (Line Drive, 89XD, EV 106.3 MPH)
|
|
Batting: RHB Everett Scott
|
0-0: Ball 1-0: Ball 2-0: Called Strike 2-1: Called Strike 2-2: Ground out 5-3 (Groundball, 56, EV 79.4 MPH) Norm Siebern scores
|
|
Batting: RHB Willson Contreras
|
0-0: DOUBLE (Line Drive, 78D, EV 111.9 MPH)
|
|
Batting: RHB Jameson Taillon
|
0-0: Foul Ball, location: 2F 0-1: Swinging Strike 0-2: Ball 1-2: Ground out 4-3 (Groundball, 4, EV 83.8 MPH)
|
| Top of the 2nd over - 1 run, 2 hits, 0 errors, 1 left on base; Cleveland 1 - Philadelphia (DL) 0 |
| BOTTOM OF THE 2ND |
|
Philadelphia (DL) Athletics batting - Pitching for Cleveland Indians : RHP Jameson Taillon
|
|
Batting: LHB Geoff Jenkins
|
0-0: Foul Ball, location: 2F 0-1: Ball 1-1: Ground out 4-3 (Groundball, 4, EV 101.3 MPH)
|
|
Batting: RHB Ron D Jackson
|
0-0: Ball 1-0: Called Strike 1-1: Swinging Strike 1-2: Fly out, F9 (Flyball, 9LD, EV 85.6 MPH)
|
|
Batting: RHB Rabbit Maranville
|
0-0: Foul Ball, location: 2F 0-1: Ground out 6-3 (Groundball, 6M, EV 105.6 MPH)
|
| Bottom of the 2nd over - 0 runs, 0 hits, 0 errors, 0 left on base; Cleveland 1 - Philadelphia (DL) 0 |
| TOP OF THE 3RD |
|
Cleveland Indians batting - Pitching for Philadelphia (DL) Athletics : RHP Dan Haren
|
|
Batting: LHB Daric Barton
|
0-0: Ball 1-0: Foul Ball, location: 2F 1-1: Ball 2-1: Swinging Strike 2-2: Foul Ball, location: 2F 2-2: Foul Ball, location: 2F 2-2: Foul Ball, location: 2F 2-2: Ground out 5-3 (Groundball, 5L, EV 89.4 MPH)
|
|
Batting: RHB Jeff Frye
|
0-0: Ball 1-0: Foul Ball, location: 2F 1-1: Ground out 5-3 (Groundball, 56S, EV 80.6 MPH)
|
|
Batting: RHB Bernard Gilkey
|
0-0: Ball 1-0: Foul Ball, location: 2F 1-1: Hit by Pitch
|
|
Batting: LHB Kyle Seager
|
0-0: Ball Bernard Gilkey is caught stealing 2nd base 2-6
|
| Top of the 3rd over - 0 runs, 0 hits, 0 errors, 0 left on base; Cleveland 1 - Philadelphia (DL) 0 |
| BOTTOM OF THE 3RD |
|
Philadelphia (DL) Athletics batting - Pitching for Cleveland Indians : RHP Jameson Taillon
|
|
Batting: RHB Jonathan Lucroy
|
0-0: Foul Ball, location: 2F 0-1: Called Strike 0-2: Ball 1-2: Fly out, F4 (Popup, 4, EV 76.3 MPH)
|
|
Batting: RHB Dan Haren
|
0-0: Called Strike 0-1: Ball 1-1: Ball 2-1: Ball 3-1: Foul Ball, location: 2F 3-2: Strikes out swinging
|
|
Batting: RHB Pug Griffin
|
0-0: Called Strike 0-1: Ball 1-1: Called Strike 1-2: Ball 2-2: Foul Ball, location: 2F 2-2: Strikes out swinging
|
| Bottom of the 3rd over - 0 runs, 0 hits, 0 errors, 0 left on base; Cleveland 1 - Philadelphia (DL) 0 |
| TOP OF THE 4TH |
|
Cleveland Indians batting - Pitching for Philadelphia (DL) Athletics : RHP Dan Haren
|
|
Batting: LHB Kyle Seager
|
0-0: DOUBLE (Flyball, 78D, EV 90.6 MPH)
|
|
Batting: LHB Adam Dunn
|
0-0: Fly out, F9 (Flyball, 89D, EV 83.1 MPH) Runner from 2nd tags up, SAFE at 3rd, no throw by RF
|
|
Batting: LHB Norm Siebern
|
0-0: Swinging Strike 0-1: Ball 1-1: Called Strike 1-2: Foul Ball, location: 2F 1-2: Ball 2-2: Strikes out looking
|
|
Batting: RHB Everett Scott
|
0-0: Called Strike 0-1: Ball 1-1: Ball 2-1: Ground out 5-3 (Groundball, 56S, EV 81.9 MPH)
|
| Top of the 4th over - 0 runs, 1 hit, 0 errors, 1 left on base; Cleveland 1 - Philadelphia (DL) 0 |
| BOTTOM OF THE 4TH |
|
Philadelphia (DL) Athletics batting - Pitching for Cleveland Indians : RHP Jameson Taillon
|
|
Batting: RHB Bob Robertson
|
0-0: Ball 1-0: Foul Ball, location: 2F 1-1: Called Strike 1-2: Ball 2-2: Ball 3-2: Fly out, F9 (Flyball, 9D, EV 109.4 MPH)
|
|
Batting: LHB George Grantham
|
0-0: Ball 1-0: Ball 2-0: Ball 3-0: Base on Balls
|
|
Batting: RHB Corey Hart
|
0-0: Fielders Choice at 2nd, 6-4 (Groundball, 6, EV 90.0 MPH)
|
|
Batting: LHB Geoff Jenkins
|
0-0: Ball 1-0: Ball 2-0: Ball 3-0: Called Strike 3-1: Called Strike 3-2: Ground out 6-3 (Groundball, 6MS, EV 90.6 MPH)
|
| Bottom of the 4th over - 0 runs, 0 hits, 0 errors, 1 left on base; Cleveland 1 - Philadelphia (DL) 0 |
| TOP OF THE 5TH |
|
Cleveland Indians batting - Pitching for Philadelphia (DL) Athletics : RHP Dan Haren
|
|
Batting: RHB Willson Contreras
|
0-0: Ball 1-0: Called Strike 1-1: Foul Ball, location: 2F 1-2: Ball 2-2: Ball 3-2: Base on Balls
|
|
Batting: RHB Jameson Taillon
|
0-0: Bunted foul 0-1: Ball 1-1: Sac Bunt to P - play at first, batter OUT! 1-4 Willson Contreras to second
|
|
Batting: LHB Daric Barton
|
0-0: Ball 1-0: Called Strike 1-1: Called Strike 1-2: Ground out 5-3 (Groundball, 56, EV 107.5 MPH)
|
|
Batting: RHB Jeff Frye
|
0-0: Ball 1-0: Ball 2-0: Ball 3-0: Base on Balls
|
|
Batting: RHB Bernard Gilkey
|
0-0: Fly out, F8 (Flyball, 78XD, EV 96.9 MPH)
|
| Top of the 5th over - 0 runs, 0 hits, 0 errors, 2 left on base; Cleveland 1 - Philadelphia (DL) 0 |
| BOTTOM OF THE 5TH |
|
Philadelphia (DL) Athletics batting - Pitching for Cleveland Indians : RHP Jameson Taillon
|
|
Batting: RHB Ron D Jackson
|
0-0: Ball 1-0: Ball 2-0: Fly out, F7 (Flyball, 78M, EV 89.4 MPH)
|
|
Batting: RHB Rabbit Maranville
|
0-0: Foul Ball, location: 2F 0-1: Ball 1-1: Ball 2-1: Fly out, F4 (Popup, 34, EV 59.4 MPH)
|
|
Batting: RHB Jonathan Lucroy
|
0-0: Ball 1-0: Foul Ball, location: 2F 1-1: Foul Ball, location: 2F 1-2: Fly out, F9 (Flyball, 9D, EV 88.1 MPH)
|
| Bottom of the 5th over - 0 runs, 0 hits, 0 errors, 0 left on base; Cleveland 1 - Philadelphia (DL) 0 |
| TOP OF THE 6TH |
|
Cleveland Indians batting - Pitching for Philadelphia (DL) Athletics : RHP Dan Haren
|
|
Batting: LHB Kyle Seager
|
0-0: Ball 1-0: Foul Ball, location: 2F 1-1: Called Strike 1-2: Strikes out swinging
|
|
Batting: LHB Adam Dunn
|
0-0: Ball 1-0: Ball 2-0: Called Strike 2-1: Foul Ball, location: 2F 2-2: Ball 3-2: Foul Ball, location: 2F 3-2: Base on Balls
|
|
Batting: LHB Norm Siebern
|
0-0: Called Strike 0-1: Ball 1-1: Ball 2-1: Foul Ball, location: 2F 2-2: Ball 3-2: Base on Balls Adam Dunn to second
|
|
Batting: RHB Everett Scott
|
0-0: Foul Ball, location: 2F 0-1: Foul Ball, location: 2F 0-2: Ball 1-2: SINGLE (Line Drive, 6D, EV 101.3 MPH) Adam Dunn to third Norm Siebern to second Runner from 3rd tries for Home, SAFE, throw by LF to home
|
|
Batting: RHB Willson Contreras
|
0-0: Grounds into double play, 6-4-3 (Groundball, 6, EV 108.8 MPH)
|
| Top of the 6th over - 1 run, 1 hit, 0 errors, 1 left on base; Cleveland 2 - Philadelphia (DL) 0 |
| BOTTOM OF THE 6TH |
|
Philadelphia (DL) Athletics batting - Pitching for Cleveland Indians : RHP Jameson Taillon
|
|
Batting: RHB Dan Haren
|
0-0: Ball 1-0: Ball 2-0: Ball 3-0: Base on Balls
|
|
Batting: RHB Pug Griffin
|
0-0: Ball 1-0: Fly out, F7 (Flyball, 7D, EV 106.9 MPH)
|
|
Batting: RHB Bob Robertson
|
0-0: Ball 1-0: Called Strike 1-1: Swinging Strike 1-2: Ball 2-2: Ball 3-2: Foul Ball, location: 2F 3-2: Fly out, F8 (Flyball, 8RS, EV 90.6 MPH)
|
|
Batting: LHB George Grantham
|
0-0: Called Strike 0-1: Ball 1-1: Swinging Strike 1-2: Foul Ball, location: 2F 1-2: Ball 2-2: Ball 3-2: Base on Balls Dan Haren to second
|
|
Batting: RHB Corey Hart
|
0-0: Called Strike 0-1: Ball 1-1: SINGLE (Groundball, 56S, EV 70.0 MPH) (infield hit) Dan Haren to third George Grantham to second
|
|
Batting: LHB Geoff Jenkins
|
0-0: Swinging Strike 0-1: Ball 1-1: Swinging Strike 1-2: Ball 2-2: SINGLE (Flyball, 34D, EV 95.6 MPH) Dan Haren scores George Grantham to third Corey Hart to second Runner from 3rd tries for Home, SAFE, throw by RF to home
|
|
Batting: RHB Ron D Jackson
|
0-0: Ball 1-0: Called Strike 1-1: Ball 2-1: Ball 3-1: Foul Ball, location: 2F 3-2: DOUBLE (Flyball, 89XD, EV 96.9 MPH) Corey Hart scores Geoff Jenkins to third Geoff Jenkins scores
|
|
Batting: RHB Rabbit Maranville
|
0-0: Ground out 6-3 (Groundball, 6, EV 88.8 MPH)
|
| Bottom of the 6th over - 4 runs, 3 hits, 0 errors, 1 left on base; Cleveland 2 - Philadelphia (DL) 4 |
| TOP OF THE 7TH |
|
Cleveland Indians batting - Pitching for Philadelphia (DL) Athletics : RHP Dan Haren
|
|
Pinch Hitting: LHB Ron Northey
|
0-0: Ball 1-0: Foul Ball, location: 2F 1-1: Ball 2-1: Foul Ball, location: 2F 2-2: Ball 3-2: Foul Ball, location: 2F 3-2: Fly out, F9 (Flyball, 89XD, EV 75.6 MPH)
|
|
Batting: LHB Daric Barton
|
0-0: Ground out 6-3 (Groundball, 6D, EV 105.6 MPH)
|
|
Batting: RHB Jeff Frye
|
0-0: Ball 1-0: DOUBLE (Line Drive, 7LS, EV 111.9 MPH)
|
|
Batting: RHB Bernard Gilkey
|
0-0: Swinging Strike 0-1: Ball 1-1: Ground out 4-3 (Groundball, 4MD, EV 109.4 MPH)
|
| Top of the 7th over - 0 runs, 1 hit, 0 errors, 1 left on base; Cleveland 2 - Philadelphia (DL) 4 |
| BOTTOM OF THE 7TH |
|
Philadelphia (DL) Athletics batting - Pitching for Cleveland Indians : RHP Jameson Taillon
|
|
Pitching: RHP Russ Bauers
|
|
|
Batting: RHB Jonathan Lucroy
|
0-0: Fly out, F8 (Flyball, 8RD, EV 89.4 MPH)
|
|
Batting: RHB Dan Haren
|
0-0: Ball 1-0: Ball 2-0: Ball 3-0: Base on Balls
|
|
Batting: RHB Pug Griffin
|
0-0: Called Strike 0-1: SINGLE (Groundball, 56, EV 107.5 MPH) Dan Haren to second
|
|
Batting: RHB Bob Robertson
|
0-0: Ball 1-0: Called Strike 1-1: Foul Ball, location: 2F 1-2: Strikes out swinging
|
|
Batting: LHB George Grantham
|
0-0: Called Strike 0-1: Ball 1-1: SINGLE (Groundball, 6D, EV 96.9 MPH) Dan Haren to third Pug Griffin to second Runner from 3rd tries for Home, SAFE, throw by LF to home
|
|
Batting: RHB Corey Hart
|
0-0: Ball 1-0: Foul Ball, location: 2F 1-1: Swinging Strike 1-2: Foul Ball, location: 2F 1-2: Strikes out swinging
|
| Bottom of the 7th over - 1 run, 2 hits, 0 errors, 2 left on base; Cleveland 2 - Philadelphia (DL) 5 |
| TOP OF THE 8TH |
|
Cleveland Indians batting - Pitching for Philadelphia (DL) Athletics : RHP Dan Haren
|
|
Batting: LHB Kyle Seager
|
0-0: Ball 1-0: Ball 2-0: Swinging Strike 2-1: Swinging Strike 2-2: Ball 3-2: Strikes out looking
|
|
Pitching: RHP Dellin Betances
|
|
|
Batting: LHB Adam Dunn
|
0-0: Called Strike 0-1: Called Strike 0-2: Ball 1-2: Strikes out swinging
|
|
Batting: LHB Norm Siebern
|
0-0: Ball 1-0: Fly out, F8 (Line Drive, 8LD, EV 88.8 MPH)
|
| Top of the 8th over - 0 runs, 0 hits, 0 errors, 0 left on base; Cleveland 2 - Philadelphia (DL) 5 |
| BOTTOM OF THE 8TH |
|
Philadelphia (DL) Athletics batting - Pitching for Cleveland Indians : RHP Russ Bauers
|
|
Batting: LHB Geoff Jenkins
|
0-0: Foul Ball, location: 2F 0-1: Ball 1-1: Ball 2-1: DOUBLE (Flyball, 78XD, EV 94.4 MPH)
|
|
Batting: RHB Ron D Jackson
|
0-0: Fly out, F9 (Line Drive, 9D, EV 92.5 MPH) Runner from 2nd tags up, SAFE at 3rd, no throw by RF
|
|
Batting: RHB Rabbit Maranville
|
0-0: Called Strike 0-1: Ball 1-1: Foul Ball, location: 2F 1-2: Fly out, F8 (Line Drive, 8RD, EV 87.5 MPH) Runner from 3rd tags up, SCORES, throw by CF
|
|
Batting: RHB Jonathan Lucroy
|
0-0: Ball 1-0: Ball 2-0: Swinging Strike 2-1: Swinging Strike 2-2: Ball 3-2: SINGLE (Line Drive, 8LS, EV 87.5 MPH)
|
|
Pinch Hitting: LHB Tony Solaita
|
0-0: Called Strike 0-1: Foul Ball, location: 2F 0-2: Strikes out swinging
|
| Bottom of the 8th over - 1 run, 2 hits, 0 errors, 1 left on base; Cleveland 2 - Philadelphia (DL) 6 |
| TOP OF THE 9TH |
|
Cleveland Indians batting - Pitching for Philadelphia (DL) Athletics : RHP Dellin Betances
|
|
Pitching: RHP Ed Klepfer
|
|
|
Batting: RHB Everett Scott
|
0-0: Ball 1-0: Foul Ball, location: 2F 1-1: Ball 2-1: Ball 3-1: Foul Ball, location: 2F 3-2: Fly out, F8 (Flyball, 8RD, EV 101.9 MPH)
|
|
Batting: RHB Willson Contreras
|
0-0: Ball 1-0: Ball
|
|
|